 Dungeon Crawl Stone Soup version 0.29.0-4-gdea44cf6ec (webtiles) character file.

Game seed: 10566859556251427038

22 adizb the Shooter (level 2, -6/18 HPs)
             Began as a Tengu Hunter on Aug 27, 2022.
             Mangled by a gnoll
             ... wielding a +0 club
              (7 damage)
             ... on level 1 of the Dungeon.
             The game lasted 00:02:37 (401 turns).

adizb the Shooter (Tengu Hunter)                     Turns: 401, Time: 00:02:38

Health: -6/18      AC:  3    Str: 11    XL:     2   Next: 91%
Magic:  3/3        EV: 12    Int:  9    God:
Gold:   26         SH:  0    Dex: 17    Spells: 1/1 levels left

rFire   . . .      SeeInvis .   a - +0 shortbow
rCold   . . .      Faith    .   (shield currently unavailable)
rNeg    . . .      Spirit   .   c - +0 leather armour
rPois   .          Reflect  .   (helmet restricted)
rElec   .          Harm     .   (no cloak)
rCorr   .          Rampage  .   (no gloves)
Will    .....                   (boots unavailable)
Stlth   ++........              d - amulet of regeneration
HPRegen 0.86/turn               (no ring)
MPRegen 0.08/turn               (no ring)

@: no status effects
A: beak, talons 3
a: no special abilities


You were on level 1 of the Dungeon.
You visited 1 branch of the dungeon, and saw 1 of its levels.

You collected 26 gold pieces.

Inventory:

Hand Weapons
 a - a +0 shortbow (weapon)
Armour
 c - a +0 leather armour (worn)
Jewellery
 d - an amulet of regeneration (around neck)
Scrolls
 b - 2 scrolls of immolation
Potions
 e - a potion of heal wounds {unknown}


   Skills:
 - Level 2.3 Fighting
 * Level 4.6 Ranged Weapons
 - Level 2.6 Dodging
 - Level 1.6 Stealth


You had one spell level left.
You didn't know any spells.
Your spell library contained the following spells:

 Spells                   Type           Power      Damage    Failure   Level
 Conjure Flame            Conj/Fire      0%         6-21      85%         3
 Ignite Poison            Fire/Tmut/Pois 0%         N/A       85%         3
 Cause Fear               Hex            0%         N/A       99%         4
 Sticky Flame             Conj/Fire      0%         2d3       99%         4
 Dragon Form              Tmut           0%         N/A       100%        7
 Dragon's Call            Summ           0%         N/A       100%        9


Dungeon Overview and Level Annotations

Branches:
Dungeon (1/15)

Altars:


Innate Abilities, Weirdness & Mutations

You have a beak for a mouth.
You have claws for feet.


Message History

You shoot an arrow.
The arrow barely misses the ball python.
The ball python misses you. The ball python grabs you.
The ball python constricts you.
A gnoll comes into view. It is wielding a +0 club.
You shoot an arrow.
The arrow barely misses the ball python.
The ball python barely misses you. The ball python constricts you.
The ball python closely misses you. The ball python constricts you.
You shoot an arrow.
The arrow barely misses the ball python.
The ball python closely misses you. The ball python constricts you.
The gnoll barely misses you. The ball python misses you.
The ball python constricts you. The gnoll closely misses you.
You escape the ball python's grasp.
The gnoll attacks as you move away! The gnoll hits you with a +0 club.
The gnoll attacks as you move away! The gnoll hits you with a +0 club.
The gnoll attacks as you move away! The gnoll hits you with a +0 club.
The gnoll attacks as you move away! The gnoll hits you but does no damage.
You see here a rat skeleton.
You shoot an arrow. The arrow barely misses the gnoll.
The gnoll hits you with a +0 club.
You shoot an arrow. The arrow hits the gnoll.
The gnoll is lightly wounded.
The gnoll hits you with a +0 club.
You shoot an arrow.
The arrow hits the gnoll but does no damage.
The gnoll is lightly wounded.
The gnoll hits you with a +0 club. The gnoll closely misses you.
You shoot an arrow.
The arrow hits the gnoll but does no damage.
The gnoll is lightly wounded.
The gnoll hits you with a +0 club. The gnoll attacks as you move away!
The gnoll hits you with a +0 club.
* * * LOW HITPOINT WARNING * * *
The gnoll attacks as you move away! The gnoll barely misses you.
The gnoll attacks as you move away! The gnoll hits you with a +0 club.
* * * LOW HITPOINT WARNING * * *
The gnoll attacks as you move away! The gnoll hits you with a +0 club!
You die...

#.#>## #.# #.#...... #..
#.#.# #.# #.#.....##.....
#.#.# #.# #.##.....#.#.#
#.#.# #.# #.##.#.##...###
#####.#.# #.#
#.##S..S.......
#.......#####.##
#.##.#.###.####
#.###.[........## #.##.#.#
#
.............§..###.÷..#.#
...####.####._..@g.S##>#.#
##.# ### #§.......##.#.#
##.# ###.........#.#
##.###########..########.#
..††....)...##.##
...########.##.#
#..########.##.#
#..............#
#.#.####....##.#


You could see a gnoll and a ball python.

Vanquished Creatures
  A gnoll (D:1)
  2 dart slugs (D:1)
  2 ball pythons (D:1)
  A bat (D:1)
  3 frilled lizards (D:1)
  A kobold (D:1)
  A rat (D:1)
11 creatures vanquished.

Notes
Turn   | Place    | Note
-------+----------+-------------------------------------------
     0 | D:1      | adizb the Tengu Hunter began the quest for the Orb.
     0 | D:1      | Reached XP level 1. HP: 12/12 MP: 2/2
   111 | D:1      | Found a faded altar of an unknown god.
   197 | D:1      | Reached XP level 2. HP: 14/17 MP: 3/3
   401 | D:1      | Mangled by a gnoll

Illustrated notes

Levels and vault maps discovered:
D:1:      lightli_arrival_farm, layout_loops_ring,
          ebering_ecumenical_altar_mist, chequers_serial_rivers_room_a,
          minmay_misc_feat_iff

Action                   || total
-------------------------++-------
 Fire: Shortbow          ||    48
Armor: Leather armour    ||    12
Dodge: Dodged            ||    37
